 Dungeon Crawl Stone Soup version 0.29.1-12-g30fa7ad0bf (webtiles) character file.

Game seed: 6489570750766570669

45 booth the Shield-Bearer (level 3, -1/31 HPs)
             Began as a Gnoll Wanderer on Jan 15, 2023.
             Was a Believer of Jiyva.
             Slain by a gnoll
             ... wielding a +2 whip of venom
              (4 damage)
             ... on level 2 of the Dungeon.
             The game lasted 00:09:18 (1495 turns).

booth the Shield-Bearer (Gnoll Wanderer)            Turns: 1495, Time: 00:09:18

Health: -1/31      AC:  6    Str: 10    XL:     3   Next: 64%
Magic:  7/7        EV: 11    Int: 10    God:    Jiyva [**....]
Gold:   27         SH:  7    Dex: 15    Spells: 7/7 levels left

rFire   . . .      SeeInvis .   k - +0 mace
rCold   . . .      Faith    .   f - +2 buckler
rNeg    . . .      Spirit   .   e - +0 robe
rPois   .          Reflect  .   (no helmet)
rElec   .          Harm     .   (no cloak)
rCorr   +          Rampage  .   c - +0 pair of gloves
Will    .....                   n - +2 pair of boots
Stlth   +++.......              (no amulet)
HPRegen 1.06/turn               (no ring)
MPRegen 0.40/turn               (no ring)

@: lethally poisoned (-1 -> -8)
A: fangs 1, strong nose, distributed training
a: Renounce Religion


You were on level 2 of the Dungeon.
You worshipped Jiyva.
Jiyva was pleased with you.
You visited 1 branch of the dungeon, and saw 2 of its levels.

You collected 27 gold pieces.

Inventory:

Hand Weapons
 a - a +0 dagger
 k - a +0 mace (weapon)
Armour
 c - a +0 pair of gloves (worn)
 e - a +0 robe (worn)
 f - a +2 buckler (worn)
 n - a +2 pair of boots (worn)
Scrolls
 b - a scroll of teleportation
 d - a scroll of summoning
 i - a scroll of fear {unknown}
 l - a scroll of enchant weapon {unknown}
 o - a scroll of identify {unknown}
 p - a scroll of noise {unknown}
Potions
 g - a potion of magic {unknown}
 h - a potion of berserk rage {unknown}
 j - a potion of curing {unknown}
 m - 2 potions of attraction {unknown}
 q - a potion of heal wounds {unknown}


   Skills:
 + Level 4.6 Fighting
 + Level 1.0 Short Blades
 + Level 1.0 Long Blades
 + Level 1.0 Axes
 + Level 1.0 Maces & Flails
 + Level 1.0 Polearms
 + Level 1.0 Staves
 + Level 1.0 Ranged Weapons
 + Level 1.0 Throwing
 + Level 1.0 Armour
 + Level 1.0 Dodging
 + Level 4.2 Stealth
 + Level 4.6 Shields
 + Level 2.6 Unarmed Combat
 + Level 2.9 Spellcasting
 + Level 0.7 Conjurations
 + Level 0.7 Hexes
 + Level 0.7 Summonings
 + Level 0.7 Necromancy
 + Level 0.7 Translocations
 + Level 0.7 Transmutations
 + Level 0.7 Fire Magic
 + Level 0.7 Ice Magic
 + Level 0.7 Air Magic
 + Level 0.7 Earth Magic
 + Level 0.7 Poison Magic
 + Level 2.7 Invocations
 + Level 2.6 Evocations


You had 7 spell levels left.
You didn't know any spells.
Your spell library contained the following spells:

 Spells                   Type           Power      Damage    Failure   Level
 Conjure Flame            Conj/Fire      2%         6-21      63%         3
 Ignite Poison            Fire/Tmut/Pois 2%         N/A       63%         3
 Sticky Flame             Conj/Fire      2%         2d3       95%         4


Dungeon Overview and Level Annotations

Branches:
Dungeon (2/15)

Altars:
Jiyva


Innate Abilities, Weirdness & Mutations

You have very sharp teeth.
Your uncanny sense of smell can sniff out nearby items.
Your experience applies equally to all skills.


Message History

The gnoll hits you from afar with a +0 halberd.
The gnoll misses you.
You hear a distant slurping noise.
You hit the gnoll.
The gnoll is lightly wounded.
The gnoll closely misses you. You block the gnoll's attack.
You thump the gnoll! You bite the gnoll.
The gnoll is severely wounded.
The gnoll closely misses you. You block the gnoll's attack.
The gnoll barely misses you. The gnoll closely misses you.
You hit the gnoll but do no damage.
The gnoll is severely wounded.
The gnoll closely misses you.
The gnoll hits you with a +2 whip of venom.
You barely miss the gnoll. Your bite misses the gnoll.
The gnoll is severely wounded.
You block the gnoll's attack.
The gnoll hits you with a +2 whip of venom.
You are poisoned.
The gnoll misses you. You block the gnoll's attack.
You hit the gnoll. You bite the gnoll, but do no damage.
The gnoll is almost dead.
You feel very sick.
The gnoll hits you with a +2 whip of venom.
You are more poisoned.
You block the gnoll's attack.
You hit the gnoll but do no damage.
The gnoll is almost dead.
You feel very sick. The gnoll closely misses you.
The gnoll hits you with a +2 whip of venom.
* * * LOW HITPOINT WARNING * * *
You are lethally poisoned!
You hit the gnoll but do no damage.
The gnoll is severely wounded.
* * * LOW HITPOINT WARNING * * *
You feel extremely sick. You block the gnoll's attack.
The gnoll barely misses you.
The gnoll hits you with a +2 whip of venom.
You die...

####################
...>......gg@......#
.........#########.#
..##..##.# #.### ##.
#.. #...# # ....
###.## .##.. #..##
.. ... ##..# .. .##.
##.### #...#


You could see 2 gnolls.

Vanquished Creatures
  3 adders (D:2)
  2 giant cockroaches (D:1)
  2 goblins (D:1)
  4 hobgoblins
  2 jackals (D:1)
  3 bats
  A kobold (D:2)
  3 rats
20 creatures vanquished.

Vanquished Creatures (others)
  Sigmund (D:2)
  2 jellies (D:2)
  Jessica (D:2)
  Terence (D:2)
  A gnoll (D:2)
  An adder (D:2)
  A dart slug (D:2)
  An endoplasm (D:2)
  2 bats
  2 giant cockroaches (D:2)
  A goblin (D:2)
  2 hobgoblins (D:2)
  A quokka (D:2)
  A ball python (D:2)
  A frilled lizard (D:2)
  A rat (D:2)
20 creatures vanquished.

Grand Total: 40 creatures vanquished

Notes
Turn   | Place    | Note
-------+----------+-------------------------------------------
     0 | D:1      | booth the Gnoll Wanderer began the quest for the Orb.
     0 | D:1      | booth set off with the following items: a +0 dagger, a
                  | scroll of teleportation, a +0 pair of gloves, a scroll of
                  | summoning, a +0 robe, a +2 buckler.
     0 | D:1      | Reached XP level 1. HP: 20/20 MP: 4/4
   352 | D:1      | Reached XP level 2. HP: 19/26 MP: 5/5
   546 | D:1      | Found a faded altar of an unknown god.
   560 | D:1      | Prayed at the altar of an unknown god.
   560 | D:1      | Became a worshipper of Jiyva Jiras the Shapeless
   560 | D:1      | Reached * piety under Jiyva
  1145 | D:2      | Reached ** piety under Jiyva
  1192 | D:2      | Killed Jessica
  1237 | D:2      | Reached XP level 3. HP: 31/31 MP: 7/7
  1245 | D:2      | Killed Sigmund
  1296 | D:2      | Killed Terence
  1370 | D:2      | Reached skill level 1 in Short Blades
  1370 | D:2      | Reached skill level 1 in Long Blades
  1370 | D:2      | Reached skill level 1 in Axes
  1370 | D:2      | Reached skill level 1 in Maces & Flails
  1370 | D:2      | Reached skill level 1 in Polearms
  1370 | D:2      | Reached skill level 1 in Staves
  1370 | D:2      | Reached skill level 1 in Ranged Weapons
  1370 | D:2      | Reached skill level 1 in Throwing
  1370 | D:2      | Reached skill level 1 in Armour
  1370 | D:2      | Reached skill level 1 in Dodging
  1495 | D:2      | Slain by a gnoll

Illustrated notes

Levels and vault maps discovered:
D:1:      saegor_arrival_fortress, layout_loops_ring,
          shapermc_ecumenical_altar_mp_highgroup
D:2:      layout_basic, uniq_jessica, uniq_sigmund, uniq_terence

Skill      XL: |  1  2  3 |
---------------+----------+-----
Short Blades   | 1 |  1.0
Long Blades    | 1 |  1.0
Axes           | 1 |  1.0
Maces & Flails | 1 |  1.0
Polearms       | 1 |  1.0
Staves         | 1 |  1.0
Ranged Weapons | 1 |  1.0
Throwing       | 1 |  1.0
Armour         | 1 |  1.0
Dodging        | 1 |  1.0
Fighting       | |  4.6
Stealth        | |  4.2
Shields        | |  4.6
Unarmed Combat | |  2.6
Spellcasting   | |  2.9
Conjurations   | |  0.7
Hexes          | |  0.7
Summonings     | |  0.7
Necromancy     | |  0.7
Translocations | |  0.7
Transmutations | |  0.7
Fire Magic     | |  0.7
Ice Magic      | |  0.7
Air Magic      | |  0.7
Earth Magic    | |  0.7
Poison Magic   | |  0.7
Invocations    | |  2.7
Evocations     | |  2.6

Action                   || total
-------------------------++-------
Melee: Unarmed           ||    71
       Bite              ||    13
       Dagger            ||     4
       Mace              ||    38
 Stab: Sleeping          ||     3
Armor: Robe              ||    25
Dodge: Dodged            ||    48
Block: Buckler           ||    52
